 Dungeon Crawl Stone Soup version 0.31-a0-236-g9a0961fb85 (webtiles) character file.

Game seed: 2987642669406601209

85 qw the Shooter (level 4, 0/26 HPs)
             Began as a Gargoyle Hexslinger on July 10, 2023.
             Slain by Terence
             ... wielding a +5 short sword of protection
              (4 damage)
             ... on level 2 of the Dungeon.
             The game lasted 00:00:45 (2074 turns).

qw the Shooter (Gargoyle Hexslinger)                Turns: 2074, Time: 00:00:46

Health: 0/26       AC:  6    Str: 11    XL:     4   Next: 48%
Magic:  5/5        EV: 11    Int: 14    God:
Gold:   188        SH:  0    Dex: 14    Spells: 4/5 levels left

rFire   . . .        Y - +1 sling
rCold   . . .        (no shield)
rNeg    + . .        k - +0 leather armour
rPois   inf          (no helmet)
rElec   +            (no cloak)
rCorr   .            (no gloves)
SInv    .            (no boots)
Will    .....        (no amulet)
Stlth   +            (no ring)
HPRegen 0.24/turn    (no ring)
MPRegen 0.09/turn

%: no passive effects
@: no status effects
A: sickness immunity, AC +3, negative energy resistance 1, electricity
resistance, torment resistance 1, petrification resistance
a: no special abilities


You were on level 2 of the Dungeon.
You visited 1 branch of the dungeon, and saw 2 of its levels.

You collected 188 gold pieces.


Innate Abilities, Weirdness & Mutations

You are immune to sickness and miasma.
Your stone body is resilient. (AC +3)
You are immune to poison.
You resist negative energy. (rN+)
You are resistant to electric shocks. (rElec)
You are resistant to unholy torment.
You are immune to petrification.


   Skills:
 - Level 2.0 Fighting
 + Level 4.2 Ranged Weapons
 - Level 1.5 Dodging
 - Level 1.0 Spellcasting
 - Level 2.6 Hexes


You had 4 spell levels left.
You knew the following spells:

 Your Spells              Type           Power      Damage    Failure   Level
a - Slow                  Hex            32%        N/A       12%         1

Your spell library contained the following spells:

 Spells                   Type           Power      Damage    Failure   Level
 Inner Flame              Hex/Fire       4%         N/A       52%         3
 Portal Projectile        Hex/Tloc       8%         N/A       52%         3
 Cause Fear               Hex            4%         N/A       75%         4

Inventory:

Hand Weapons
 Y - a +1 sling (weapon)
Armour
 b - a +0 ring mail
 k - a +0 leather armour (worn)
Jewellery
 e - a ring of wizardry
Scrolls
 a - a scroll of identify
 d - a scroll of vulnerability {unknown}
Potions
 c - 2 potions of curing {unknown}
 j - a potion of resistance

Dungeon Overview and Level Annotations

Branches:
Dungeon (2/15)

Altars:

Annotations:
D:2 Terence


Message History

You shoot a sling bullet. The sling bullet hits Terence.
Terence is moderately wounded.
You shoot a sling bullet.
The sling bullet hits Terence but does no damage.
Terence is moderately wounded.
You shoot a sling bullet.
The sling bullet hits Terence but does no damage.
Terence is moderately wounded.
You shoot a sling bullet. The sling bullet barely misses Terence.
Terence closely misses you. Terence completely misses you.
You shoot a sling bullet. The sling bullet hits Terence.
Terence is moderately wounded.
Terence closely misses you.
You shoot a sling bullet.
The sling bullet closely misses Terence.
Terence hits you with a +5 short sword of protection.
You shoot a sling bullet. The sling bullet barely misses Terence.
Terence hits you but does no damage.
You shoot a sling bullet.
The sling bullet hits Terence but does no damage.
Terence is moderately wounded.
Terence hits you with a +5 short sword of protection!
Terence closely misses you.
You shoot a sling bullet. The sling bullet hits Terence.
Terence is severely wounded.
Terence barely misses you.
You shoot a sling bullet. The sling bullet barely misses Terence.
Terence misses you.
You shoot a sling bullet. The sling bullet hits Terence.
Terence is severely wounded.
Terence hits you with a +5 short sword of protection.
You shoot a sling bullet.
The sling bullet hits Terence but does no damage.
Terence is severely wounded.
Terence hits you with a +5 short sword of protection.
You shoot a sling bullet. The sling bullet hits Terence.
Terence is almost dead.
Terence hits you with a +5 short sword of protection!
Terence hits you with a +5 short sword of protection.
You die...

#...........#.#.#.###
#.#####.......###..#.
#.......#.#....##
#.......#.#.##.%#
#.###....##.# ###...#
#...'.........#...#..
#####....#....#######
######@...#.....
#....@.........
#.#########..<. #.#
### #.##########
#.#........#
#...######.###########
#...##b##.............
###.#...##.###########
#.##P###.#


You could see Terence.

Vanquished Creatures
  3 adders (D:2)
  A worm (D:2)
  2 dart slugs
  6 bats
  4 endoplasms
  3 giant cockroaches
  7 goblins
  3 hobgoblins
  3 quokkas (D:2)
  5 ball pythons
  6 kobolds
  6 rats
49 creatures vanquished.

Notes
Turn   | Place    | Note
-------+----------+-------------------------------------------
     0 | D:1      | qw the Gargoyle Hexslinger began the quest for the Orb.
     0 | D:1      | Reached XP level 1. HP: 12/12 MP: 2/2
     0 | D:1      | 0 ||| qw: Version: 0.3-a-52-g30416fa
     0 | D:1      | 0 ||| qw: Game counter: 4844
     0 | D:1      | 0 ||| qw: Melee chars always use a shield: true
     0 | D:1      | 0 ||| qw: God list: Okawaru
     0 | D:1      | 0 ||| qw: Allow faded altars: false
     0 | D:1      | 0 ||| qw: Do Orc after clearing Dungeon:15 true
     0 | D:1      | 0 ||| qw: Do second Lair branch before Depths: true
     0 | D:1      | 0 ||| qw: Lair rune preference: random
     0 | D:1      | 0 ||| qw: Goals: Normal
     0 | D:1      | 0 ||| PLANNING D:1-11
   332 | D:1      | Reached XP level 2. HP: 16/16 MP: 3/3
   423 | D:1      | Reached skill level 3 in Ranged Weapons
   615 | D:1      | Reached XP level 3. HP: 21/21 MP: 4/4
   854 | D:1      | 854 ||| UPGRADING to +0 leather armour.
   864 | D:1      | 864 ||| DROPPING +0 robe.
   865 | D:1      | 865 ||| READING 3 scrolls labelled WEUTIE FIUGEO.
   866 | D:1      | 866 ||| READING 2 scrolls labelled SOAHU EGHOIQU.
   870 | D:1      | 870 ||| READING scroll labelled KUUTRAETYA.
   871 | D:1      | 871 ||| READING scroll labelled XAMAOSCHEALA.
   972 | D:1      | 972 ||| READING scroll labelled DORU SU FAZASUHIU.
   973 | D:1      | 973 ||| DRINKING 2 golden potions.
   974 | D:1      | 974 ||| READING 2 scrolls of identify.
   974 | D:1      | 974 ||| IDENTIFYING smoky silvery potion
   975 | D:1      | 975 ||| DROPPING scroll of poison.
   976 | D:1      | 976 ||| DROPPING potion of degeneration.
  1038 | D:2      | 1038 ||| Stepping ~*~*~tactically~*~*~ (outnumbered).
  1364 | D:2      | Reached XP level 4. HP: 26/26 MP: 5/5
  1410 | D:2      | Reached skill level 4 in Ranged Weapons
  1751 | D:2      | Noticed Terence
  1762 | D:2      | HP: 5/26 [Terence/+5 short sword of protection (11)]
  1763 | D:2      | 1763 ||| READING scroll of teleportation.
  2074 | D:2      | HP: 4/26 [Terence/+5 short sword of protection (7)]
  2074 | D:2      | Slain by Terence

Levels and vault maps discovered:
D:1:      grunt_arrival_crossed_arrows, layout_loops_corners
D:2:      minmay_razor_zed, layout_basic, serial_aquarium,
          aquarium_bridge_square [aquarium_subvault_wall,
          aquarium_subvault_bridge, aquarium_subvault_bridge,
          aquarium_subvault_window], aquarium_bridge_long_separate
          [aquarium_subvault_balcony, aquarium_subvault_bridge,
          aquarium_subvault_bridge, aquarium_subvault_bridge,
          aquarium_subvault_bridge, aquarium_subvault_bridge],
          aquarium_window_fake, aquarium_window_fake, aquarium_window_1,
          aquarium_view_2c, aquarium_balcony_5b, aquarium_pool_corner,
          uniq_terence

Skill      XL: |  1  2  3  4 |
---------------+-------------+-----
Ranged Weapons | 3 4 |  4.2
Fighting       | 2 |  2.0
Dodging        | |  1.5
Spellcasting   | |  1.0
Hexes          | |  2.6

Action                     |  1- 3 |  4- 6 || total
---------------------------+-------+-------++-------
   Fire: Sling             |   109 |    73 ||   182
    Use: Scroll            |     6 |     1 ||     7
         Potion            |     1 |       ||     1
 Armour: Robe              |     5 |       ||     5
         Leather armour    |    14 |    17 ||    31
  Dodge: Dodged            |    44 |    22 ||    66

Table legend:
 A = Non-vault XP
 B = Vault XP
 C = Vault XP percentage of total XP
 D = Non-vault monster count
 E = Vault monster count
 F = Vault count percentage of total count
                 A         B        C        D         E       F
            +---------+---------+-------+---------+---------+-------
      Total |     102 |      20 |  16.4 |      36 |      13 |  26.5
            +---------+---------+-------+---------+---------+-------
        D:1 |      35 |       0 |   0.0 |      20 |       0 |   0.0
        D:2 |      67 |      20 |  23.0 |      16 |      13 |  44.8
            +---------+---------+-------+---------+---------+-------
